 Dungeon Crawl Stone Soup version 0.18.1-47-g9310371 (webtiles) character file.

11090 l3on the Nimble (level 12, -2/93 HPs)
             Began as a Human Berserker on June 19, 2016.
             Was a High Priest of Trog.
             Slain by a red ugly thing (15 damage)
             ... on level 11 of the Dungeon.
             The game lasted 01:45:18 (16803 turns).

l3on the Nimble (Human Berserker)                  Turns: 16803, Time: 01:45:27

Health: -2/93      AC: 15    Str: 24    XL:     12   Next: 3%
Magic:  12/12      EV: 21    Int:  7    God:    Trog [*****.]
Gold:   685        SH:  0    Dex: 12    Spells: 0 memorised, 11 levels left

rFire  . . .     SeeInvis .     b - +3 flail (protect)
rCold  . . .     Gourm    .     d - +2 leather armour
rNeg   . . .     Faith    .     (no shield)
rPois  .         Spirit   .     s - +0 helmet
rElec  .         Dismiss  .     j - +0 cloak
rCorr  .         Reflect  .     (no gloves)
SustAt .         Harm     .     (no boots)
MR     .....                    (no amulet)
Stlth  ++........               p - +3 ring of evasion
                                g - +2 ring of protection

@: drained, not resistant to hostile enchantments, unstealthy
A: no striking features
a: Berserk, Trog's Hand, Brothers in Arms, Burn Spellbooks, Renounce Religion


You were on level 11 of the Dungeon.
You worshipped Trog.
Trog was extremely pleased with you.
You were not hungry.

You visited 2 branches of the dungeon, and saw 12 of its levels.

You collected 685 gold pieces.

Inventory:

Hand Weapons
 a - a +1 hand axe
 b - a +3 flail of protection (weapon)
 f - a +1 halberd of protection
 h - a +0 war axe
 l - a +2 hand axe of flaming
Armour
 d - a +2 leather armour (worn)
 i - a +0 ring mail
 j - a +0 cloak (worn)
 s - a +0 helmet (worn)
 B - a +0 ring mail of poison resistance
 G - a troll hide
 K - a steam dragon hide
Jewellery
 e - an uncursed ring of sustain attributes
 g - a +2 ring of protection (left hand)
 k - an uncursed ring of sustain attributes
 p - a +3 ring of evasion (right hand)
 q - an uncursed ring of protection from cold
 A - a cursed ring of teleportation
Wands
 m - a wand of heal wounds (1/9)
 n - a wand of iceblast (8/15)
 u - a wand of lightning (4/15)
 w - a wand of random effects (15/48)
 y - a wand of hasting (6/9)
 C - a wand of paralysis (6/24)
Scrolls
 t - 3 scrolls of identify
 E - 4 scrolls of teleportation
Potions
 c - 2 potions of haste
 o - 2 potions of might
 r - a potion of agility
 x - 3 potions of cure mutation
 z - a potion of magic
 D - 2 potions of curing
 F - a potion of blood
 H - a potion of cancellation
 J - a potion of ambrosia {unknown}


   Skills:
 + Level 8.2(8.1) Fighting
 + Level 5.6(7.7) Axes
 + Level 8.3(9.1) Maces & Flails
 + Level 5.3(5.2) Armour
 + Level 12.1 Dodging
 + Level 3.5(3.4) Stealth


You had 11 spell levels left.
You didn't know any spells.

Dungeon Overview and Level Annotations

Branches:
Dungeon (11/15)            Temple (1/1) D:4            Lair (0/8) D:11
    Orc (0/2) D:11

Altars:
Ashenzari
Cheibriados
Dithmenos
Elyvilon
Fedhas
Gozag
Kikubaaqudgha
Makhleb
Nemelex Xobeh
Okawaru
Pakellas
Qazlal
Ru
Sif Muna
Trog
Vehumet
Xom
Yredelemnul
Zin
The Shining One

Shops:
D:7 =

Annotations:
D:5 exclusion: oklob plant


Message History

The orc warrior misses you.
You hit the giant frog.
The giant frog is almost dead.
The giant frog completely misses you.
The giant frog hits you but does no damage.
The red ugly thing closely misses you.
You closely miss the giant frog.
The giant frog is almost dead.
The orc warrior hits you with a hand axe of electrocution.
The giant frog completely misses you. The red ugly thing pecks you!
You are engulfed in flames!
* * * LOW HITPOINT WARNING * * *
Read which item? (? for menu, Esc to quit)
As you read the scroll of immolation, it crumbles to dust.
The creatures around you are filled with an inner flame!
The giant frog hits you but does no damage.
The red ugly thing kicks you.
* * * LOW HITPOINT WARNING * * *
You are engulfed in flames!
You die...

*,* #...>,,,* *,,,, #.#
#..#**,,******,,,, #.#
#..# *,,,,,,,,,,,, #.#
#..# #....,,,,,,** #.#
#..# #...#,,,,,,,, #.#
#..# #...#,,,,,,,,
#.####..# #...#,,,,,,,,
#.......# #...#,,,,,,,,
#.%..F@u# #...#,,,,**,,
#.####ou###...#,,,,**,,
#.# #yhh.....#,,,,,,,,
#.# #..o.....#,,,,,,,,
#.# #..###...#,,**,,,,
#.# #..# #......**,,,,
#.# #..# #.......,,,,,
#.# #..# #...#....,,,,
#.# #..# #...#.o.#*,,,


You could see 2 ugly things, an orc warrior (inner flame), a hell hound (inner
flame), a black bear (inner flame), a giant frog (inner flame), a killer bee
(inner flame) and an orc priest (inner flame).

Vanquished Creatures
  Gastronok (D:8)
  2 hill giants (D:10)
  Joseph (D:10)
  Maurice (D:10)
  A gargoyle (D:11)
  2 trolls (D:10)
  A two-headed ogre (D:10)
  A wyvern (D:10)
  A vampire (D:11)
  A hippogriff (D:8)
  A steam dragon (D:11)
  A water moccasin (D:10)
  A hell hound (D:11)
  A black bear (D:7)
  An ice beast (D:7)
  5 sky beasts
  7 orc warriors
  3 ogres
  2 necrophages (D:10)
  2 centaurs
  3 wolves (D:8)
  The ghost of daning the Charmwright, an amateur HESk (D:3)
  A crocodile (D:11)
  4 giant frogs
  2 big kobolds
  5 scorpions
  13 killer bees
  A wight (D:11)
  2 howler monkeys (D:10)
  A giant frog zombie (D:8)
  2 centaur zombies
  2 crimson imps (D:6)
  A quasit (D:5)
  4 hounds
  3 jellies
  13 orc wizards
  A centaur skeleton (D:9)
  5 orc priests
  A gnoll shaman (D:7)
  4 iguanas
  7 worker ants
  3 hound zombies
  2 hound skeletons
  A worker ant zombie (D:7)
  16 gnolls
  17 adders
  A shadow imp (D:5)
  An adder zombie (D:7)
  3 oozes
  An adder skeleton (D:8)
  2 worms (D:2)
  3 dart slugs
  4 giant geckos
  47 orcs
  A ball python (D:4)
  7 giant cockroaches
  7 goblins
  4 hobgoblins
  6 jackals
  4 quokkas
  8 bats
  2 giant gecko skeletons
  2 giant newts
  10 kobolds
  6 rats
  9 fungi (D:5)
  10 plants (D:5)
289 creatures vanquished.

Vanquished Creatures (collateral kills)
  An ice dragon (D:10)
  Grum (D:8)
  An orc warrior (D:8)
  A wolf (D:8)
  An orc wizard (D:8)
  2 orcs (D:8)
  A kobold (D:8)
8 creatures vanquished.

Vanquished Creatures (others)
  15 toadstools (D:5)
15 creatures vanquished.

Grand Total: 312 creatures vanquished

Notes
Turn   | Place    | Note
--------------------------------------------------------------
     0 | D:1      | l3on the Human Berserker began the quest for the Orb.
     0 | D:1      | Reached XP level 1. HP: 18/18 MP: 1/1
   254 | D:1      | Reached XP level 2. HP: 24/24 MP: 2/2
   630 | D:2      | Reached XP level 3. HP: 17/29 MP: 3/3
  1104 | D:2      | Reached XP level 4. HP: 32/35 MP: 4/4
  1206 | D:2      | Reached ** piety under Trog
  1330 | D:2      | Reached skill level 3 in Dodging
  1393 | D:2      | Reached XP level 5. HP: 17/42 MP: 5/5
  1810 | D:3      | Gained mutation: You are partially covered in icy blue scales (AC +1). [potion of mutation]
  1810 | D:3      | Gained mutation: Your flesh is cold resistant. [potion of mutation]
  1832 | D:3      | Reached skill level 1 in Stealth
  1845 | D:3      | Reached XP level 6. HP: 34/48 MP: 6/6
  1898 | D:3      | Noticed daning's ghost (amateur HESk)
  1925 | D:3      | Killed daning's ghost
  1925 | D:3      | Reached skill level 4 in Dodging
  2142 | D:3      | Found an iron altar of Okawaru.
  2285 | D:3      | Found a faded altar to an unknown god.
  3183 | D:3      | Reached *** piety under Trog
  3402 | D:4      | Reached XP level 7. HP: 54/54 MP: 7/7
  3782 | D:4      | Found a staircase to the Ecumenical Temple.
  3795 | Temple   | Entered the Ecumenical Temple
  4135 | D:4      | You fall through a shaft for 2 floors!
  4159 | D:6      | Reached skill level 5 in Axes
  4315 | D:6      | Reached skill level 5 in Dodging
  4432 | D:6      | Reached XP level 8. HP: 60/61 MP: 8/8
  4954 | D:6      | Lost mutation: You are partially covered in icy blue scales (AC +1). [potion of cure mutation]
  4954 | D:6      | Lost mutation: Your flesh is cold resistant. [potion of cure mutation]
  4956 | D:6      | Found a glowing silver altar of Zin.
  5126 | D:6      | Reached **** piety under Trog
  5431 | D:6      | Reached skill level 6 in Dodging
  5852 | D:5      | Entered Level 5 of the Dungeon
  5874 | D:5      | Reached skill level 5 in Fighting
  5906 | D:5      | Reached skill level 1 in Maces & Flails
  6105 | D:5      | Found an iron altar of Okawaru.
  6105 | D:5      | Found a deep blue altar of Sif Muna.
  6933 | D:5      | Found a blossoming altar of Fedhas.
  6987 | D:5      | Noticed an oklob plant
  7555 | D:7      | Found Tetemeo's Jewellery Emporium.
  7656 | D:7      | Reached XP level 9. HP: 68/68 MP: 9/9
  8090 | D:7      | Reached skill level 7 in Dodging
  8908 | D:7      | Received a gift from Trog
  9114 | D:8      | Noticed Gastronok
  9141 | D:8      | Killed Gastronok
  9141 | D:8      | Reached skill level 5 in Maces & Flails
  9141 | D:8      | Reached skill level 9 in Dodging
  9141 | D:8      | Reached XP level 10. HP: 47/77 MP: 10/10
  9341 | D:8      | Noticed Grum
  9366 | D:8      | HP: 2/118 [Grum/spear (7)]
  9509 | D:8      | Killed Grum
  9838 | D:8      | Reached skill level 10 in Dodging
 11158 | D:9      | Found an opulent altar of Gozag.
 11371 | D:9      | Reached XP level 11. HP: 84/84 MP: 11/11
 11453 | D:9      | Reached ***** piety under Trog
 11809 | D:10     | Entered Level 10 of the Dungeon
 11850 | D:10     | Noticed Maurice
 12676 | D:10     | Noticed an ice dragon
 12720 | D:10     | Noticed a hill giant
 13102 | D:10     | Killed an ice dragon
 13506 | D:10     | Killed a hill giant
 13506 | D:10     | Reached skill level 11 in Dodging
 13652 | D:10     | Noticed Joseph
 13691 | D:10     | Killed Joseph
 13691 | D:10     | Reached skill level 5 in Armour
 13925 | D:10     | Noticed a hill giant
 13936 | D:10     | Killed a hill giant
 14353 | D:10     | Killed Maurice
 15850 | D:10     | Paralysed by fainting for 8 turns
 16080 | D:11     | Reached skill level 12 in Dodging
 16138 | D:11     | Found a staircase to the Lair.
 16437 | D:11     | Noticed a white ugly thing
 16509 | D:11     | Reached XP level 12. HP: 46/92 MP: 12/12
 16803 | D:11     | Slain by a red ugly thing

Skill      XL: |  1  2  3  4  5  6  7  8  9 10 11 |
---------------+----------------------------------+-----
Dodging        | 3 4 5 6 9 10 12 | 12.1
Axes           | 4 5 |  5.6
Stealth        | 1 2 3 |  3.5
Fighting       | 4 5 6 7 8 |  8.2
Armour         | 3 4 5 |  5.3
Maces & Flails | 2 5 6 8 |  8.3

Action                   |  1- 3 |  4- 6 |  7- 9 | 10-12 || total
-------------------------+-------+-------+-------+-------++-------
Melee: Hand axe          |    75 |   161 |    91 |       ||   327
       Flail             |       |       |   505 |   605 ||  1110
Invok: Berserk           |       |     2 |     7 |    15 ||    24
       Burn Spellbooks   |       |       |     1 |     1 ||     2
       Brothers in Arms  |       |       |       |     3 ||     3
  Use: Scroll            |     5 |     5 |     3 |    18 ||    31
       Potion            |     3 |     3 |     4 |     5 ||    15
 Stab: Sleeping          |       |     2 |     1 |     5 ||     8
       Invisible         |       |       |       |     3 ||     3
  Eat: Bread ration      |     1 |     1 |     2 |     4 ||     8
       Beef jerky        |       |     1 |       |       ||     1
       Chunk             |       |       |     6 |    19 ||    25
       Meat ration       |       |       |     2 |     1 ||     3
       Pizza             |       |       |     1 |     1 ||     2
       Royal jelly       |       |       |       |     1 ||     1
Armor: Animal skin       |     5 |       |       |       ||     5
       Leather armour    |    20 |    60 |   132 |   257 ||   469
Dodge: Dodged            |    52 |   152 |   375 |  1018 ||  1597
